 Dungeon Crawl Stone Soup version 0.29.0-11-gd7f09526c8 (webtiles) character file.

Game seed: 15876994601133130885

34155 Flugkiller the Severer (level 13, 0/117 HPs)
             Began as a Minotaur Fighter on Sept 5, 2022.
             Was a High Priest of Okawaru.
             Slain by a death yak (2 damage)
             ... on level 4 of the Lair of Beasts.
             The game lasted 00:08:30 (16949 turns).

Flugkiller the Severer (Minotaur Fighter)          Turns: 16949, Time: 00:08:31

Health: 0/117      AC: 28    Str: 20    XL:     13   Next: 40%
Magic:  16/16      EV:  9    Int:  9    God:    Okawaru [*****.]
Gold:   921        SH: 10    Dex: 14    Spells: 12/12 levels left

rFire   . . .      SeeInvis +   y - +1 war axe (vorpal)
rCold   . . .      Faith    .   c - +0 buckler
rNeg    . . .      Spirit   .   b - +0 plate armour
rPois   +          Reflect  +   u - +2 hat {SInv}
rElec   .          Harm     .   s - +0 cloak
rCorr   .          Rampage  .   i - +2 pair of gloves
Will    .....                   j - +1 pair of boots
Stlth   ..........              F - amulet of reflection
HPRegen 0.29/turn               p - +4 ring of protection
MPRegen 0.15/turn               o - ring of poison resistance

@: no status effects
A: horns 2, retaliatory headbutt, clever 1, MP-powered wands
a: Renounce Religion, Heroism, Finesse, Duel


You were on level 4 of the Lair of Beasts.
You worshipped Okawaru.
Okawaru was extremely pleased with you.
You visited 3 branches of the dungeon, and saw 16 of its levels.

You collected 993 gold pieces.
You spent 72 gold pieces at shops.

Inventory:

Hand Weapons
 y - a +1 vorpal war axe (weapon)
   (You bought it in a shop on level 4 of the Dungeon)
 D - a +0 broad axe
   (You found it on level 8 of the Dungeon)
Missiles
 k - 2 boomerangs
 v - a throwing net
 x - 6 silver javelins (quivered)
 I - a silver boomerang
Armour
 b - a +0 plate armour (worn)
   (You found it on level 5 of the Dungeon)
 c - a +0 buckler (worn)
 i - a +2 pair of gloves (worn)
   (You found it on level 1 of the Dungeon)
 j - a +1 pair of boots (worn)
   (You found it on level 6 of the Dungeon)
 s - a +0 cloak (worn)
   (You found it on level 2 of the Dungeon)
 u - a +2 hat of see invisible (worn)
   (You took it off Gastronok on level 10 of the Dungeon)
 w - a +0 kite shield
   (You took it off a gnoll sergeant on level 11 of the Dungeon)
Jewellery
 o - a ring of poison resistance (right hand)
   (You found it on level 10 of the Dungeon)
 p - a +4 ring of protection (left hand)
   (You found it on level 5 of the Dungeon)
 F - an amulet of reflection (around neck)
   (You found it on level 9 of the Dungeon)
 G - a +4 ring of protection
   (You found it on level 11 of the Dungeon)
 K - a +6 ring of strength
   (You found it on level 2 of the Lair of Beasts)
Wands
 f - a wand of iceblast (28)
   (You found it on level 6 of the Dungeon)
 m - a wand of paralysis (20)
   (You found it on level 6 of the Dungeon)
 J - a wand of mindburst (8)
   (You found it on level 2 of the Lair of Beasts)
Scrolls
 e - 2 scrolls of enchant armour
 g - 5 scrolls of immolation
 l - 4 scrolls of magic mapping
 r - a scroll of identify
 t - 5 scrolls of teleportation
 z - a scroll of blinking
 B - 4 scrolls of fear
 E - a scroll of fog
 L - a scroll of vulnerability
 N - 2 scrolls of enchant weapon
Potions
 a - 3 potions of lignification
 d - 5 potions of might
 h - a potion of haste
 n - 4 potions of flight
 q - 3 potions of curing
 A - 2 potions of ambrosia
 C - 3 potions of mutation
 M - a potion of attraction
Miscellaneous
 H - a piece from Xom's chessboard (15/15)
   (You found it on level 4 of the Lair of Beasts)


   Skills:
 + Level 11.8 Fighting
 + Level 15.4 Axes
 - Level 10.0 Throwing
 + Level 11.8 Armour
 + Level 8.0 Dodging
 + Level 5.0 Shields
 + Level 6.4 Invocations


You had 12 spell levels left.
You didn't know any spells.
Your spell library was empty.

Dungeon Overview and Level Annotations

Branches:
Dungeon (11/15)            Temple (1/1) D:7            Lair (4/5) D:11
  Swamp (0/4) Lair:2       Spider (0/4) Lair:3
  Slime: Lair:4-5       Orc: D:9-12

Altars:
Ashenzari
Cheibriados
Dithmenos
Elyvilon
Gozag
Hepliaklqana
Kikubaaqudgha
Nemelex Xobeh
Okawaru
Qazlal
Ru
Sif Muna
Trog
Vehumet
Xom

Shops:
D:4 (   D:10 =


Innate Abilities, Weirdness & Mutations

You have a pair of horns on your head.
You reflexively headbutt those who attack you in melee.
Your mind is acute. (Int +4, Str/Dex -1)
You expend magic power (3 MP) to strengthen your wands.


Message History

You hit the death yak. You slash the death yak! You slash the death yak!
The death yak is moderately wounded.
You hit the death yak but do no damage. x2; You block the death yak's attack.
The death yak gores you!
The death yak gores you but does no damage.
You slash the death yak! You headbutt the death yak.
The death yak is severely wounded.
You slash the death yak! You hit the death yak.
You block the death yak's attack.
The death yak gores you but does no damage.
The death yak barely misses you. You furiously retaliate!
You headbutt the death yak! You slash the death yak!
You headbutt the death yak.
The death yak is severely wounded.
You barely miss the death yak. You slash the death yak!
The death yak gores you but does no damage.
You block the death yak's attack.
The death yak gores you but does no damage.
You hit the death yak but do no damage. Your headbutt misses the death yak.
The death yak is severely wounded.
You hit the death yak. You slash the death yak! You barely miss the death yak.
You headbutt the death yak!
The death yak is almost dead.
You slash the death yak! You hit the death yak. The death yak gores you!
The death yak gores you. You block the death yak's attack.
You are too injured to fight recklessly!
You are too injured to fight recklessly!
You are too injured to fight recklessly!
You are too injured to fight recklessly!
You are too injured to fight recklessly!
You are too injured to fight recklessly!
You gain the combat prowess of a mighty hero.
The death yak gores you but does no damage.
The death yak gores you!!
* * * LOW HITPOINT WARNING * * *
The death yak gores you but does no damage.
You are too injured to fight recklessly!
You are too injured to fight recklessly!
You hit the death yak.
The death yak is almost dead.
You slash the death yak! You hit the death yak but do no damage.
The death yak barely misses you. You block the death yak's attack. x2
You hit the death yak but do no damage.
The death yak is almost dead.
You slash the death yak! You completely miss the death yak.
You block the death yak's attack. The death yak gores you!
* * * LOW HITPOINT WARNING * * *
The death yak gores you!
* * * LOW HITPOINT WARNING * * *
Unknown command.
Okay, then.
Blink to where?
Press: ? - help, Dir - move target
As you read the scroll of blinking, it crumbles to dust.
A jelly comes into view.
The jelly quivers.
You slice the jelly!!
You kill the jelly!
Okawaru accepts your kill.
You completely miss the plant.
You feel like a meek peon again.
Throw: 10 javelins (silver)
Press: ? - help, Q - select action, (/) - cycle Shift-Dir - straight line, f - death yak
Aim: a death yak (heavily wounded, 83% to hit)
You throw a silver javelin.
The silver javelin pierces through the death yak but does no damage.
The death yak is heavily wounded.
The silver javelin pierces through the death yak!!
You kill the death yak!
Okawaru accepts your kill.
Your Dodging skill increases to level 8!
Your Shields skill increases to level 5!
Throw: 9 javelins (silver)
Press: ? - help, Q - select action, (/) - cycle Shift-Dir - straight line, f/p - death yak
Aim: a death yak (heavily wounded, 83% to hit)
You throw a silver javelin.
The silver javelin pierces through the death yak!
The death yak is severely wounded.
Throw: 8 javelins (silver)
Press: ? - help, Q - select action, (/) - cycle Shift-Dir - straight line, f/p - death yak
Aim: a death yak (severely wounded, 83% to hit)
You throw a silver javelin.
The silver javelin pierces through the death yak but does no damage.
The death yak is severely wounded.
Throw: 7 javelins (silver)
Press: ? - help, Q - select action, (/) - cycle Shift-Dir - straight line, f/p - death yak
Aim: a death yak (severely wounded, 83% to hit)
You throw a silver javelin.
The silver javelin pierces through the death yak!!
The death yak is almost dead.
You hit the death yak.
You headbutt the death yak, but do no damage.
The death yak is almost dead.
You slash the plant!
The plant begins to die.
The death yak gores you.
* * * LOW HITPOINT WARNING * * *
You barely miss the death yak. You headbutt the death yak!
The death yak is almost dead.
You hit the plant. The death yak gores you.
You die...

#..#####..#P.##..........
#####.#####.(## ## #..#P#.#.. #
##.P...P#.###†# ##..# #.#.
###..............######..# ###.
.##.....######.[...##....## #..
##...#....................######.
......#####.#.#..#P#.P#..........
#....#........#.Y#######.........
.#...#...#..###.@.# #..........
##.......†.......P# ##.........
##....#.####.....## #.........
###..........#..# #.........
#.#...#.##....# #.........
#.............# #.##.####.
###..##.##.#.## ###### #
############


You could see a death yak.

Vanquished Creatures
  Gastronok (D:10)
  A stone giant (D:11)
  Fannar (Lair:2)
  A catoblepas (Lair:2)
  4 hydras
  A death knight (D:11)
  2 two-headed ogres (D:11)
  3 death yaks (Lair:4)
  An ugly thing (D:11)
  A cyclops (D:11)
  4 elephants (Lair:4)
  2 cane toads
  A black mamba (Lair:4)
  A gargoyle (D:11)
  An unseen horror (D:11)
  2 rime drakes
  A torpor snail (Lair:3)
  13 komodo dragons
  2 trolls
  A polar bear (Lair:4)
  A meliai (Lair:3)
  4 blink frogs (Lair:4)
  Prince Ribbit (D:8)
  A shadow (D:11)
  Sigmund (D:3)
  45 yaks
  2 wraiths
  4 wyverns
  2 basilisks
  3 vampire mosquitoes
  Edmund (D:6)
  10 water moccasins
  4 acid dragons
  5 ice beasts
  4 orc warriors
  A sky beast (D:6)
  A black bear (D:6)
  2 centaurs
  4 wolves (Lair:4)
  2 ogres
  2 phantoms
  A kobold brigand (D:6)
  14 bullfrogs
  2 gnoll sergeants
  5 necrophages
  7 scorpions
  23 killer bees
  3 howler monkeys
  6 jellies
  4 hounds
  A gnoll bouda (D:6)
  5 orc priests
  Jessica (D:2)
  Natasha (thrice) (D:2)
  Terence (D:2)
  9 iguanas
  2 orc wizards
  7 hell rats (Lair:1)
  11 gnolls
  9 adders
  A white imp (D:7)
  3 ufetubi
  A dart slug (D:3)
  32 orcs
  3 bats
  9 endoplasms
  6 giant cockroaches
  5 goblins
  8 hobgoblins
  10 kobolds
  6 quokkas
  9 ball pythons
  4 frilled lizards
  10 rats
365 creatures vanquished.

Vanquished Creatures (others)
  29 fungi
  93 plants
  3 toadstools (D:10)
125 creatures vanquished.

Grand Total: 490 creatures vanquished

Notes
Turn   | Place    | Note
-------+----------+-------------------------------------------
     0 | D:1      | Flugkiller the Minotaur Fighter began the quest for the
                  | Orb.
     0 | D:1      | Reached XP level 1. HP: 19/19 MP: 0/0
   387 | D:1      | Reached skill level 3 in Axes
   387 | D:1      | Reached XP level 2. HP: 27/27 MP: 1/1
   503 | D:1      | Found a faded altar of an unknown god.
   829 | D:1      | Reached XP level 3. HP: 22/33 MP: 2/2
  1308 | D:2      | Noticed Natasha
  1314 | D:2      | Killed Natasha
  1342 | D:2      | Reached skill level 4 in Axes
  1343 | D:2      | Reached XP level 4. HP: 40/40 MP: 3/3
  1361 | D:2      | Noticed Natasha
  1369 | D:2      | Killed Natasha
  1498 | D:2      | Noticed Natasha
  1507 | D:2      | Killed Natasha
  1577 | D:2      | Noticed Terence
  1584 | D:2      | Killed Terence
  1585 | D:2      | Reached XP level 5. HP: 38/47 MP: 4/4
  1754 | D:2      | Noticed Jessica
  1758 | D:2      | Killed Jessica
  1759 | D:2      | Reached skill level 5 in Axes
  2136 | D:3      | Identified the +1 trident of Ziomenasm {flame, Fragile
                  | Will+ rCorr Str+4}
  2188 | D:3      | Noticed Sigmund
  2195 | D:3      | Killed Sigmund
  2196 | D:3      | Reached skill level 5 in Fighting
  2196 | D:3      | Reached skill level 6 in Axes
  2196 | D:3      | Reached skill level 5 in Armour
  2196 | D:3      | Reached XP level 6. HP: 42/56 MP: 5/5
  2451 | D:3      | Found a shadowy altar of Dithmenos.
  2815 | D:4      | Found a radiant altar of Vehumet.
  3087 | D:4      | Found Qaniol's Weapon Shoppe.
  3096 | D:4      | Bought a +0 vorpal war axe for 72 gold pieces
  3161 | D:4      | Reached XP level 7. HP: 35/62 MP: 6/6
  3529 | D:4      | Reached skill level 7 in Axes
  3758 | D:5      | Entered Level 5 of the Dungeon
  3987 | D:5      | Noticed Edmund
  3996 | D:6      | Gained mutation: You expend magic power (3 MP) to
                  | strengthen your wands. [potion of mutation]
  3996 | D:6      | Gained mutation: Your mind is acute. (Int +4, Str/Dex -1)
                  | [potion of mutation]
  4002 | D:6      | Killed Edmund
  4489 | D:5      | Reached skill level 8 in Axes
  4727 | D:5      | Reached XP level 8. HP: 71/71 MP: 7/7
  5083 | D:5      | Reached skill level 9 in Axes
  5309 | D:6      | Identified the +3 leather armour of the Inquisitive People
                  | {Contam rC++ Str+5}
  5575 | D:6      | Reached skill level 10 in Axes
  5818 | D:6      | Reached XP level 9. HP: 81/81 MP: 8/8
  6164 | D:6      | Reached skill level 1 in Dodging
  6269 | D:6      | Reached skill level 11 in Axes
  6924 | D:7      | Found a staircase to the Ecumenical Temple.
  7092 | Temple   | Entered the Ecumenical Temple
  7114 | Temple   | Became a worshipper of Warmaster Okawaru
  7260 | D:8      | Found a hazy altar of Hepliaklqana.
  7417 | D:8      | Identified the +11 sling "Ycwamun" {venom, Drain Str+3
                  | Dex-2 SInv}
  7481 | D:8      | Noticed Prince Ribbit
  7489 | D:8      | Killed Prince Ribbit
  7807 | D:8      | Reached skill level 12 in Axes
  7807 | D:8      | Reached XP level 10. HP: 91/91 MP: 9/9
  7879 | D:8      | Reached skill level 1 in Invocations
  8200 | D:9      | Reached * piety under Okawaru
  8790 | D:9      | Reached ** piety under Okawaru
  9145 | D:9      | Reached skill level 13 in Axes
  9252 | D:10     | Entered Level 10 of the Dungeon
  9263 | D:10     | Found Iwuoxoip's Jewellery Boutique.
  9267 | D:10     | Noticed Gastronok
  9288 | D:10     | Killed Gastronok
  9289 | D:10     | Reached skill level 10 in Fighting
  9289 | D:10     | Reached skill level 10 in Armour
  9289 | D:10     | Reached skill level 5 in Dodging
  9318 | D:10     | Reached *** piety under Okawaru
  9376 | D:10     | Reached XP level 11. HP: 78/99 MP: 12/12
  9972 | D:11     | Noticed a purple ugly thing
  9986 | D:11     | Killed a purple ugly thing
 10312 | D:11     | Found a staircase to the Lair.
 10401 | D:11     | Noticed a stone giant
 10420 | D:11     | Killed a stone giant
 10420 | D:11     | Reached **** piety under Okawaru
 10421 | D:11     | Reached skill level 14 in Axes
 10935 | D:11     | Noticed a death knight
 10937 | D:11     | Noticed a two-headed ogre
 11314 | D:11     | Noticed a two-headed ogre
 11322 | D:11     | Killed a two-headed ogre
 11443 | D:11     | Killed a two-headed ogre
 11443 | D:11     | Reached ***** piety under Okawaru
 11478 | D:11     | Killed a death knight
 11479 | D:11     | Reached skill level 5 in Invocations
 11854 | D:11     | Received a gift from Okawaru
 12153 | Lair:1   | Entered Level 1 of the Lair of Beasts
 12288 | Lair:1   | Identified the +10 longbow "Pawo Saa" {venom, rPois Will+++
                  | Dex-2 SInv} (Okawaru gifted it to you on level 1 of the
                  | Lair of Beasts)
 12288 | Lair:1   | Received a gift from Okawaru
 12301 | Lair:1   | Reached XP level 12. HP: 53/110 MP: 12/15
 12556 | Lair:1   | Reached skill level 15 in Axes
 12692 | Lair:1   | Noticed an eight-headed hydra
 13082 | Lair:1   | Reached skill level 1 in Throwing
 13305 | Lair:2   | Noticed Fannar
 13320 | Lair:2   | Killed Fannar
 13439 | Lair:2   | Noticed a catoblepas
 13470 | Lair:2   | Killed a catoblepas
 13471 | Lair:2   | Reached skill level 5 in Throwing
 13766 | Lair:2   | Found a staircase to the Swamp.
 13766 | Lair:2   | Noticed a five-headed hydra
 13785 | Lair:2   | Killed a five-headed hydra
 13785 | Lair:2   | Received a gift from Okawaru
 14050 | Lair:2   | Noticed an eight-headed hydra
 14058 | Lair:2   | Killed an eight-headed hydra
 14501 | Lair:3   | Received a gift from Okawaru
 14949 | Lair:3   | Received a gift from Okawaru
 15416 | Lair:3   | Identified the +0 pair of gloves of Noughts and Crosses
                  | {rElec Dex+3 Slay-4} (Okawaru gifted it to you on level 3
                  | of the Lair of Beasts)
 15416 | Lair:3   | Received a gift from Okawaru
 15591 | Lair:3   | Found a hole to the Spider Nest.
 15597 | Lair:3   | Reached XP level 13. HP: 69/116 MP: 8/16
 15602 | Lair:3   | Reached skill level 10 in Throwing
 16924 | Lair:4   | HP: 1/117 [death yak (13)]
 16945 | Lair:4   | Reached skill level 5 in Shields
 16948 | Lair:4   | HP: 2/117 [death yak (6)]
 16949 | Lair:4   | Slain by a death yak

Illustrated notes

Levels and vault maps discovered:
D:1:      lemuel_arrival_broad_hall, layout_basic,
          hellmonk_ecumenical_altar_blasted
D:2:      layout_basic, uniq_natasha, uniq_terence, uniq_jessica
D:3:      layout_rooms, marbit_many_paths, uniq_sigmund
D:4:      layout_loops_corners, vehumet_crystals, serial_shops,
          nicolae_square_shop
D:5:      layout_cave_pools, wad_rectangle_vault, uniq_edmund
D:6:      layout_basic, minmay_holes, fountainhead, minmay_joined_circles
D:7:      layout_cave_pools, minmay_temple_entry_drinking_statues
D:8:      hellmonk_crumbling_castle, layout_basic, nzn_hepliaklqana_mist_gate,
          uniq_prince_ribbit1
D:9:      layout_rooms
D:10:     layout_gridville, serial_shops, nicolae_shop_hallway_stairs,
          minmay_gold_behind_fungi, uniq_gastronok
D:11:     nzn_winding_woodlands_small [nzn_winding_woodlands_5x15_zeroes,
          nzn_winding_woodlands_center_diamonds,
          nzn_winding_woodlands_5x15_twine], layout_long_grid,
          david_lair_shrubbed
Temple:   nicolae_temple_bog_church
Lair:1:   layout_long_grid, uniq_amaemon
Lair:2:   layout_chaotic_city, minmay_swamp_entry_reptiles, uniq_fannar
Lair:3:   layout_loops_ring, hellmonk_spider_entry_not_the_bees, serial_forest,
          infiniplex_forest_lined_2, infiniplex_forest_straight_2,
          infiniplex_forest_straight_1, infiniplex_forest_clump_medium,
          infiniplex_forest_clump_small, infiniplex_forest_end_1,
          beast_lair_carwin_6
Lair:4:   layout_small_grid, nicolae_slime_entry_slimehenge, minivault_27,
          serial_bayou_lagoon_a, eino_house_with_fridge,
          infiniplex_staircase_pool_2

Skill      XL: |  1  2  3  4  5  6  7  8  9 10 11 12 13 |
---------------+----------------------------------------+-----
Axes           | 3 4 6 8 10 12 13 14 15 | 15.4
Fighting       | 4 5 6 7 9 10 11 | 11.8
Armour         | 4 5 6 7 9 10 11 | 11.8
Dodging        | 3 5 7 8 |  8.0
Invocations    | 3 5 6 |  6.4
Throwing       | 9 10 | 10.0
Shields        | 5 |  5.0

Action                   |  1- 3 |  4- 6 |  7- 9 | 10-12 | 13-15 || total
-------------------------+-------+-------+-------+-------+-------++-------
Melee: War axe           |    53 |   105 |   303 |   546 |   123 ||  1130
       Headbutt          |     4 |    17 |    56 |   123 |    31 ||   231
Throw: Boomerang         |       |       |       |    13 |    10 ||    23
       Javelin           |       |       |       |       |     4 ||     4
Invok: Heroism           |       |       |       |    24 |     6 ||    30
       Finesse           |       |       |       |     2 |     1 ||     3
  Use: Potion            |       |     2 |     7 |     3 |       ||    12
       Scroll            |       |       |     9 |     7 |     6 ||    22
Armor: Scale mail        |    15 |       |       |       |       ||    15
       Chain mail        |     8 |    60 |    68 |       |       ||   136
       Plate armour      |       |       |   123 |   323 |   135 ||   581
Dodge: Dodged            |    16 |    31 |    95 |   219 |    68 ||   429
Block: Buckler           |    10 |    15 |    67 |   228 |    91 ||   411
       Reflection        |       |       |       |     6 |       ||     6
